 Dungeon Crawl Stone Soup version 0.28-a0-724-g66f9036eb4 (webtiles) character file.

Game seed: 8861663018365356880

79 Bodrick the Cudgeller (level 4, -4/28 HPs)
             Began as a Gargoyle Berserker on Oct 26, 2021.
             Was a Follower of Trog.
             Slain by an iguana (11 damage)
             ... on level 2 of the Dungeon.
             The game lasted 00:05:03 (1994 turns).

Bodrick the Cudgeller (Gargoyle Berserker)          Turns: 1994, Time: 00:05:04

Health: -4/28      AC:  5    Str: 21    XL:     4   Next: 37%
Magic:  4/4        EV: 12    Int:  8    God:    Trog [*.....]
Gold:   108        SH:  0    Dex:  9    Spells: 3/3 levels left

rFire   . . .      SeeInvis .   a - +0 mace
rCold   . . .      Faith    .   (no shield)
rNeg    + . .      Spirit   .   m - +0 animal skin
rPois   ∞          Reflect  .   (no helmet)
rElec   +          Harm     .   (no cloak)
rCorr   .          Rampage  .   (no gloves)
Will    .....                   (no boots)
Stlth   +.........              (no amulet)
HPRegen 0.09/turn               (no ring)
MPRegen 0.09/turn               (no ring)

@: no status effects
A: sickness immunity, AC +3, negative energy resistance 1, electricity
resistance, torment resistance 1, petrification resistance
a: Renounce Religion, Berserk


You were on level 2 of the Dungeon.
You worshipped Trog.
Trog was aware of your devotion.
You visited 1 branch of the dungeon, and saw 3 of its levels.

You collected 108 gold pieces.

Inventory:

Hand Weapons
 a - a +0 mace (weapon)
 b - a +2 hunting sling of freezing
Missiles
 i - 115 stones (quivered)
Armour
 m - a +0 animal skin (worn)
Scrolls
 c - a scroll of enchant weapon {unknown}
 d - 2 scrolls of identify {unknown}
 f - 3 scrolls of holy word {unknown}
 h - 2 scrolls of teleportation {unknown}
 k - a scroll of silence {unknown}
 n - a scroll of summoning {unknown}
 p - a scroll of enchant armour {unknown}
 q - a scroll of amnesia {unknown}
Potions
 e - a potion of cancellation {unknown}
 g - a potion of berserk rage {unknown}
 j - 2 potions of resistance {unknown}
 l - a potion of haste {unknown}
 o - a potion of attraction {unknown}
 r - 2 potions of invisibility {unknown}
 s - a potion of heal wounds {unknown}


   Skills:
 - Level 3.5 Fighting
 + Level 4.5 Maces & Flails
 - Level 2.5 Armour
 - Level 1.8 Dodging


You had 3 spell levels left.
You didn't know any spells.
Your spell library was empty.

Dungeon Overview and Level Annotations

Branches:
Dungeon (3/15)

Altars:

Annotations:
D:3 Sigmund


Innate Abilities, Weirdness & Mutations

You are immune to sickness and miasma.
Your stone body is resilient. (AC +3)
You are immune to poison.
You resist negative energy. (rN+)
You are resistant to electric shocks. (rElec)
You are resistant to unholy torment.
You are immune to petrification.


Message History

The rat moves out of view.
A rat is nearby!
A worm comes into view.
You hit the rat.
You kill the rat!
Trog accepts your kill.
An iguana and Sigmund come into view.
Sigmund shouts!
The iguana hisses angrily.
Sigmund gestures at you while chanting.
You are confused.
Okay, then.
You bump into the rock wall.
The iguana bites you!
Unknown command.
You feel less confused. The iguana bites you.
Sigmund mumbles some strange words.
Sigmund flickers and vanishes!
Deactivating autopickup; reactivate with Ctrl-A.
A dart slug comes into view.
You see here 11 gold pieces.
The iguana bites you but does no damage.
There is a stone staircase leading up here.
The iguana barely misses you.
You climb upwards.
Reactivating autopickup.
There is a stone staircase leading down here.
You hit the iguana.
The iguana is moderately wounded.
The iguana misses you.
You hit the iguana but do no damage.
The iguana is moderately wounded.
The iguana bites you!
* * * LOW HITPOINT WARNING * * *
You hit the iguana.
The iguana is heavily wounded.
The iguana barely misses you.
You closely miss the iguana.
The iguana is heavily wounded.
The iguana bites you!
You die...

....###.............# #.#####...
.#..#...#...........####.# #...
.............).....###...# ####
....###.#....<.........##########
#..## #.#............#.#.........
#### #.#..........###.#.........
#######.#..........###...........
................l..)..........=..
................@..#####.........
..................## #.........
#######..........## #.........
#....####### #......... #....#
########## #....# #....# #....#
######


You could see an iguana.

Vanquished Creatures
  4 adders
  A worm (D:2)
  5 bats
  5 endoplasms
  2 giant cockroaches (D:3)
  4 goblins
  2 hobgoblins
  3 quokkas
  3 ball pythons (D:1)
  A frilled lizard (D:1)
  9 kobolds
  4 rats
43 creatures vanquished.

Notes
Turn   | Place    | Note
-------+----------+-------------------------------------------
     0 | D:1      | Bodrick the Gargoyle Berserker began the quest for the Orb.
     0 | D:1      | Reached XP level 1. HP: 14/14 MP: 1/1
   165 | D:1      | Reached XP level 2. HP: 18/19 MP: 2/2
   602 | D:1      | Found a faded altar of an unknown god.
  1148 | D:2      | Reached XP level 3. HP: 23/23 MP: 3/3
  1230 | D:2      | Reached skill level 4 in Maces & Flails
  1458 | D:2      | Reached XP level 4. HP: 24/28 MP: 4/4
  1952 | D:3      | Noticed Sigmund
  1994 | D:2      | Slain by an iguana

Illustrated notes

Levels and vault maps discovered:
D:1:      mainiacjoe_arrival_reflecting_pool, layout_basic,
          shapermc_ecumenical_altar_totnotflames
D:2:      layout_rooms
D:3:      layout_loops_ring, uniq_sigmund

Skill      XL: |  1  2  3 |
---------------+----------+-----
Maces & Flails | 4 |  4.5
Fighting       | |  3.5
Armour         | |  2.5
Dodging        | |  1.8

Action                   |  1- 3 |  4- 6 || total
-------------------------+-------+-------++-------
Melee: Mace              |   118 |    39 ||   157
 Fire: Hunting sling     |       |     8 ||     8
Invok: Berserk           |     1 |       ||     1
Armor: Animal skin       |    53 |    14 ||    67
Dodge: Dodged            |    87 |    27 ||   114

Table legend: (Time is in decaauts)
 A = Elapsed time spent in this place.
 B = Non-inter-level travel time spent in this place.
 C = Inter-level travel time spent in this place.
 D = Time resting spent in this place.
 E = Time spent auto-exploring this place.
 F = Levels seen in this place.
 G = Mean time per level.
                   A        B        C        D        E       F      G
               +--------+--------+--------+--------+--------+-----+--------+
         Total |   2037 |   1996 |     41 |    284 |   1248 |   3 |  679.0 |
       Dungeon |   2037 |   1996 |     41 |    284 |   1248 |   3 |  679.0 |
               +--------+--------+--------+--------+--------+-----+--------+

Top non-repeatable levels by time:
     D:1: 1157 daAuts
     D:2: 533 daAuts
     D:3: 346 daAuts
